 Dungeon Crawl Stone Soup version 0.18-a0-1347-gb9e2fb4 (webtiles) character file.

51422 Reinor the Unseen (level 14, -3/70 HPs)
             Began as a Spriggan Abyssal Knight on Feb 17, 2016.
             Was the Champion of Lugonu.
             Slain by a crocodile (5 damage)
             ... on level 8 of the Lair of Beasts.
             The game lasted 01:56:45 (30362 turns).

Reinor the Unseen (Spriggan Abyssal Knight)        Turns: 30362, Time: 01:56:45

Health: -3/70      AC:  4    Str:  8    XL:     14   Next: 23%
Magic:  20/29      EV:  4    Int: 26    God:    Lugonu [******]
Gold:   1179       SH:  0    Dex: 14    Spells: 7 memorised, 5 levels left

rFire  . . .     SeeInvis +     a - +3 dagger (venom)
rCold  + . .     Gourm    .     b - +1 robe
rNeg   + + +     Faith    .     (shield restricted)
rPois  ∞         Spirit   .     (helmet restricted)
rElec  .         Dismiss  .     z - +0 cloak of Inegodgh {Int+8 Dex-2 Slay+3}
rCorr  +         Reflect  .     (gloves unavailable)
SustAt .         Harm     .     (boots unavailable)
MR     ++...                    (no amulet)
Stlth  ++++++++..               y - ring of protection from cold
                                x - ring of resist corrosion

@: petrified, very quick, very resistant to hostile enchantments,
extraordinarily stealthy
A: unfitting armour, see invisible, herbivore 3, speed 3, slow metabolism 2
a: Depart the Abyss, Bend Space, Banish, Corrupt, Enter the Abyss, Brand Weapon
With Distortion, Renounce Religion


You were on level 8 of the Lair of Beasts.
You worshipped Lugonu.
Lugonu was exalted by your worship.
You were not hungry.

You visited 2 branches of the dungeon, and saw 18 of its levels.
You visited the Abyss 1 time.
You also visited: Sewer.

You collected 1201 gold pieces.
You spent 22 gold pieces at shops.

Inventory:

Hand Weapons
 a - a +3 dagger of venom (weapon)
 d - a +0 blowgun
 h - a +4 dagger
Missiles
 e - 5 curare-tipped needles
 g - 97 poisoned needles
 r - 3 throwing nets (quivered)
Armour
 b - a +1 robe (worn)
 z - the +0 cloak of Inegodgh (worn) {Int+8 Dex-2 Slay+3}
   (You found it on level 10 of the Dungeon)

   It affects your intelligence (+8).
   It affects your dexterity (-2).
   It affects your accuracy and damage with ranged weapons and melee attacks
   (+3).
Jewellery
 x - a ring of resist corrosion (left hand)
 y - a ring of protection from cold (right hand)
Wands
 o - a wand of paralysis (0/24)
 t - a wand of digging (0/24)
 L - a wand of random effects (0/48)
Scrolls
 i - 3 scrolls of identify
 l - 5 scrolls of enchant weapon
 q - 3 scrolls of enchant armour
 s - 3 scrolls of immolation
 u - 2 scrolls of noise
 w - a scroll of amnesia
 B - a scroll of teleportation
 C - 5 scrolls of remove curse
 F - 3 scrolls of magic mapping
 I - a scroll of recharging
 J - a scroll of fear
 M - a scroll of blinking
Potions
 f - a potion of heal wounds
 k - 3 potions of resistance
 m - 3 potions of brilliance
 n - 3 potions of flight
 p - 3 potions of curing
 v - a potion of invisibility
 D - a potion of lignification
 E - 2 potions of haste
 G - a potion of magic
 K - 2 potions of beneficial mutation
 O - 2 potions of mutation
Books
 A - a book of Hinderance

   Spells                             Type                      Level
   a - Confusing Touch                Hexes                        2
   b - Confuse                        Hexes                        3
   c - Gell's Gravitas                Hexes/Translocation          3
   d - Petrify                        Transmutation/Earth          4
   e - Metabolic Englaciation         Hexes/Ice                    5
   f - Yara's Violent Unravelling     Hexes/Transmutation          5
 H - a book of Transfigurations

   Spells                             Type                      Level
   a - Irradiate                      Conjuration/Transmutation    5
   b - Statue Form                    Transmutation/Earth          6
   c - Hydra Form                     Transmutation                6
   d - Dragon Form                    Transmutation                7
 N - a book of Fire

   Spells                             Type                      Level
   a - Ignite Poison                  Fire/Transmutation/Poison    3
   b - Fireball                       Conjuration/Fire             5
   c - Bolt of Fire                   Conjuration/Fire             6
   d - Delayed Fireball               Conjuration/Fire             7
   e - Ring of Flames                 Charms/Fire                  7
Comestibles
 c - 15 bread rations
 j - 10 fruits


   Skills:
 - Level 6.0 Fighting
 - Level 10.0 Short Blades
 - Level 4.0 Throwing
 - Level 12.0 Dodging
 + Level 18.3 Stealth
 - Level 10.0 Spellcasting
 - Level 5.0 Hexes
 - Level 12.0 Transmutations
 - Level 8.0 Invocations
 - Level 8.1 Evocations


You had 5 spell levels left.
You knew the following spells:

 Your Spells              Type           Power        Failure   Level  Hunger
a - Dispel Undead         Necr           ##......     95%         5    ####...
b - Passwall              Trmt/Erth      #####.....   1%          2    None
c - Statue Form           Trmt/Erth      #####....    63%         6    #####..
d - Confuse               Hex            #####...     1%          3    None
e - Petrify               Trmt/Erth      #####...     4%          4    None
f - Ozocubu's Armour      Chrm/Ice       ##......     14%         3    None
g - Aura of Abjuration    Summ           ##........   95%         5    ####...


Dungeon Overview and Level Annotations

Branches:
Dungeon (10/15)            Temple (0/1) D:5            Lair (8/8) D:10
 Shoals (0/4) Lair:5       Spider (0/4) Lair:5        Slime (0/6) Lair:8
    Orc (0/2) D:10

Altars:
Dithmenos
Fedhas
Gozag
Okawaru
Pakellas
Sif Muna
Trog
The Shining One

Shops:
D:6 *%(


Innate Abilities, Weirdness & Mutations

You are tiny and cannot use many weapons and most armour.
You have supernaturally acute eyesight.
You are an herbivore.
You cover ground extremely quickly.
You need consume almost no food.


Message History

The komodo dragon is moderately wounded.
The basilisk gazes at you.
You are slowing down.
The komodo dragon bites you!!
* * * LOW HITPOINT WARNING * * *
Your limbs are stiffening.
The komodo dragon stops moving altogether!
You have turned to stone.
The basilisk gazes at you. You resist with almost no effort.
The crocodile bites you but does no damage.
The crocodile bites you.
* * * LOW HITPOINT WARNING * * *
The crocodile bites you!
* * * LOW HITPOINT WARNING * * *
The crocodile bites you!!
* * * LOW HITPOINT WARNING * * *
The basilisk bites the plant but does no damage.
The crocodile bites you!
You die...

### *♣♣♣♣♣ ###.##
♣♣♣≈≈≈.♣♣ #....#
♣..≈≈≈..♣* ##...P#
♣♣.†≈≈≈≈P.♣* #.....#
♣♣♣llD≈♣≈≈...*
###...#
♣♣.lP≈≈♣.≈≈≈≈.***
#P.##
♣♣.@t≈≈♣♣♣.≈≈≈≈,,*
######.##
♣..≈≈≈♣♣,,..≈≈≈≈,*
#.P#.#..#
♣♣..≈≈♣♣*,,,.D≈.***
.PPP....#
♣♣.♣.≈≈♣*,,,,≈≈≈≈,*
P.PPP...#
♣...P≈≈♣♣*,,.≈≈≈≈.♣♣
PP......#
♣P..≈≈..♣♣,,..≈≈≈≈.♣
PP.....†#
♣♣.♣♣≈≈≈..♣♣♣♣.≈≈≈≈≈♣
PPP.....#
♣P.♣≈≈♣♣≈≈P♣♣.≈≈≈≈≈≈♣
PP.P....#
♣♣..≈♣♣P.≈≈♣♣♣≈≈≈≈≈≈♣


You could see a fire dragon, a komodo dragon (petrified), a basilisk, a
crocodile and an iguana.

Vanquished Creatures
  4 hydras
  3 death yaks
  The ghost of Gottschkopf the Ruffian, a novice DrTm of Sif Muna (D:8)
  A lindwurm (Lair:8)
  4 hill giants (D:10)
  A manticore (Lair:5)
  2 wolf spiders (Lair:8)
  A griffon (Lair:5)
  4 black mambas
  7 elephants
  A centaur skeleton (D:10)
  Joseph (D:7)
  A gargoyle (D:10)
  A kobold demonologist (Sewer)
  21 spiny frogs
  15 komodo dragons
  2 polar bears
  Prince Ribbit (D:8)
  Grinder (Sewer)
  A slime creature (Lair:8)
  29 blink frogs
  2 wyverns
  A wraith (D:10)
  2 redbacks (Lair:5)
  A fire elemental (Lair:7)
  3 spriggans
  3 basilisks
  28 yaks
  2 steam dragons (Lair:8)
  6 hippogriffs
  The ghost of Gottschkopf the Ruffian, an amateur DrTm of Elyvilon (D:4)
  12 wolves
  2 hungry ghosts (D:9)
  2 wargs (D:10)
  8 swamp worms
  2 mottled dragons (Lair:8)
  21 water moccasins
  12 porcupines
  5 orc warriors
  A swamp drake (Lair:8)
  An ice beast (D:8)
  3 black bears
  A sky beast (D:6)
  7 wasps
  3 phantoms
  A necrophage (D:8)
  3 ogres
  A centaur (D:5)
  19 crocodiles
  4 big kobolds
  14 giant frogs
  A wyvern zombie (D:7)
  4 scorpions
  4 wights (D:8)
  3 electric eels
  5 crimson imps
  A quasit (D:8)
  7 hounds
  7 orc priests
  5 jellies
  6 orc wizards
  Jessica (D:2)
  6 iguanas
  11 worker ants
  5 hell rats (Lair:3)
  Terence (D:2)
  18 sheep
  4 big kobold zombies (Sewer)
  2 hound skeletons
  9 gnolls
  16 adders
  19 river rats
  6 shadow imps
  2 ufetubi (Sewer)
  4 oozes
  An adder skeleton (D:9)
  14 worms
  6 giant geckos
  28 orcs
  7 giant cockroaches
  9 goblins
  7 hobgoblins
  7 jackals
  5 quokkas
  A ball python (D:2)
  A ball python skeleton (D:4)
  15 bats
  A giant gecko skeleton (D:6)
  7 giant newts
  71 kobolds
  A quokka skeleton (D:8)
  A quokka zombie (D:6)
  11 rats
  A fungus (Lair:8)
614 creatures vanquished.

Vanquished Creatures (others)
  A manticore (D:2)
  2 yaks (Lair:8)
  A crocodile (Lair:8)
  A kobold (D:9)
  A fire vortex (Lair:7)
  42 fungi
  35 plants
83 creatures vanquished.

Grand Total: 697 creatures vanquished

Notes
Turn   | Place    | Note
--------------------------------------------------------------
     0 | Abyss:1  | Reinor the Spriggan Abyssal Knight began the quest for the Orb.
     0 | Abyss:1  | Reached XP level 1. HP: 11/11 MP: 3/3
   110 | Abyss:1  | Noticed a wretched star
   115 | Abyss:1  | Noticed a quasit
   138 | D:1      | Escaped the Abyss
   211 | D:1      | Reached * piety under Lugonu
   256 | D:1      | Reached skill level 4 in Dodging
   307 | D:1      | Reached XP level 2. HP: 14/16 MP: 4/4
   341 | D:1      | Reached skill level 1 in Stealth
   400 | D:1      | Reached XP level 3. HP: 10/19 MP: 5/5
   857 | D:2      | Noticed Terence
   857 | D:2      | Noticed Jessica
   877 | D:2      | Killed Terence
   877 | D:2      | Reached XP level 4. HP: 10/23 MP: 6/6
  1169 | D:2      | Killed Jessica
  1362 | D:2      | Found a faded altar to an unknown god.
  1673 | D:2      | Reached ** piety under Lugonu
  2017 | D:2      | Found an oddly glowing altar of Pakellas.
  2018 | D:2      | Noticed a manticore
  2027 | D:2      | Killed a manticore
  2133 | D:3      | Reached XP level 5. HP: 27/27 MP: 7/7
  3063 | D:4      | Reached skill level 5 in Short Blades
  3074 | D:4      | Noticed a phantom
  3110 | D:4      | Reached skill level 5 in Stealth
  3187 | D:4      | Killed a phantom
  3187 | D:4      | Reached skill level 6 in Stealth
  3187 | D:4      | Reached XP level 6. HP: 18/32 MP: 8/8
  3219 | D:4      | Reached skill level 7 in Stealth
  3454 | D:4      | Found a glowing drain.
  3455 | D:4      | Noticed Gottschkopf's ghost (amateur DrTm)
  3533 | D:4      | Killed Gottschkopf's ghost
  3533 | D:4      | Reached skill level 8 in Stealth
  3544 | Sewer    | Entered a sewer
  3734 | Sewer    | Reached skill level 9 in Stealth
  3734 | Sewer    | Reached XP level 7. HP: 32/35 MP: 9/9
  3759 | Sewer    | Reached *** piety under Lugonu
  3939 | Sewer    | Found a burning altar of Makhleb.
  4214 | Sewer    | Noticed an apprentice kobold demonologist
  4386 | Sewer    | Killed an apprentice kobold demonologist
  4415 | Sewer    | Noticed Grinder
  4447 | Sewer    | Killed Grinder
  4447 | Sewer    | Reached XP level 8. HP: 32/42 MP: 12/12
  4577 | D:4      | Reached **** piety under Lugonu
  4857 | D:4      | Noticed a moth of wrath
  4860 | D:4      | Found a bloodstained altar of Trog.
  5037 | D:5      | Entered Level 5 of the Dungeon
  5301 | D:5      | Reached skill level 1 in Evocations
  5479 | D:5      | Found a blossoming altar of Fedhas.
  5482 | D:5      | Found an iron altar of Okawaru.
  5482 | D:5      | Found a deep blue altar of Sif Muna.
  5483 | D:5      | Found a glowing golden altar of the Shining One.
  5544 | D:5      | Found a staircase to the Ecumenical Temple.
  5874 | D:5      | Reached ***** piety under Lugonu
  5927 | D:5      | Reached skill level 5 in Evocations
  6632 | D:6      | Found Evoschar's Antique Weapon Boutique.
  6719 | D:6      | Reached XP level 9. HP: 45/45 MP: 13/15
  6733 | D:6      | Learned a level 5 spell: Dispel Undead
  6912 | D:6      | Found Feshrojal's Food Shoppe.
  7145 | D:6      | Found Ufrogul's Assorted Antiques.
  7207 | D:6      | Bought a glowing blue potion for 22 gold pieces
  7897 | D:7      | Reached skill level 10 in Stealth
  8165 | D:7      | Identified the Catalogue of the Mountains
  8173 | D:7      | Learned a level 2 spell: Passwall
  8260 | D:7      | Found a shadowy altar of Dithmenos.
  8340 | D:7      | Found an opulent altar of Gozag.
  8393 | D:7      | Noticed Joseph
  8400 | D:7      | Killed Joseph
  8400 | D:7      | Reached skill level 11 in Stealth
  8761 | D:8      | Noticed Gottschkopf's ghost (novice DrTm)
  8944 | D:8      | Noticed Prince Ribbit
  8951 | D:8      | Killed Prince Ribbit
  8951 | D:8      | Reached skill level 12 in Stealth
  9057 | D:8      | Reached skill level 1 in Spellcasting
  9057 | D:8      | Reached XP level 10. HP: 45/48 MP: 17/17
  9504 | D:8      | Killed Gottschkopf's ghost
 10102 | D:9      | Reached skill level 5 in Transmutations
 10176 | D:10     | Entered Level 10 of the Dungeon
 10179 | D:10     | Found a staircase to the Orcish Mines.
 10190 | D:10     | Got an encrusted cloak
 10206 | D:10     | Identified the cursed +0 cloak of Inegodgh {Int+8 Dex-2 Slay+3} (You found it on level 10 of the Dungeon)
 10311 | D:10     | Noticed a gargoyle
 10314 | D:10     | Killed a gargoyle
 10332 | D:10     | Noticed a hill giant
 10546 | D:10     | Killed a hill giant
 10781 | D:10     | Noticed a hill giant
 10808 | D:10     | Learned a level 6 spell: Statue Form
 10881 | D:10     | Killed a hill giant
 11191 | D:10     | Noticed a hill giant
 11194 | D:10     | Killed a hill giant
 11194 | D:10     | Reached skill level 5 in Fighting
 11885 | D:9      | Reached XP level 11. HP: 51/55 MP: 18/18
 12014 | D:10     | Noticed a hill giant
 12038 | D:10     | Killed a hill giant
 12038 | D:10     | Reached skill level 10 in Dodging
 12424 | D:10     | Found a staircase to the Lair.
 12560 | Lair:1   | Entered Level 1 of the Lair of Beasts
 13707 | Lair:1   | Noticed a seven-headed hydra
 15002 | Lair:1   | Reached skill level 13 in Stealth
 15321 | Lair:1   | Killed a seven-headed hydra
 15611 | Lair:1   | Learned a level 3 spell: Confuse
 15809 | Lair:2   | Reached skill level 14 in Stealth
 15985 | Lair:2   | Reached skill level 10 in Short Blades
 15985 | Lair:2   | Reached XP level 12. HP: 33/61 MP: 19/19
 16352 | Lair:2   | Learned a level 4 spell: Petrify
 16540 | Lair:2   | Reached skill level 5 in Spellcasting
 17185 | Lair:3   | Reached ****** piety under Lugonu
 17251 | Lair:3   | Reached skill level 15 in Stealth
 18866 | Lair:4   | Learned a level 3 spell: Ozocubu's Armour
 18958 | Lair:4   | Reached skill level 16 in Stealth
 20244 | Lair:4   | Reached skill level 10 in Transmutations
 20758 | Lair:4   | Learned a level 5 spell: Aura of Abjuration
 20911 | Lair:5   | Found a hole to the Spider Nest.
 21007 | Lair:5   | HP: 3/61 [swamp worm (15)]
 21729 | Lair:5   | Reached XP level 13. HP: 56/65 MP: 27/27
 22091 | Lair:4   | Reached skill level 10 in Spellcasting
 22695 | Lair:5   | Found a staircase to the Shoals.
 23395 | Lair:5   | Reached skill level 1 in Hexes
 24008 | Lair:5   | Reached skill level 5 in Invocations
 25353 | Lair:6   | Reached skill level 5 in Hexes
 25423 | Lair:6   | Reached skill level 1 in Throwing
 27297 | Lair:8   | Entered Level 8 of the Lair of Beasts
 28078 | Lair:8   | Reached XP level 14. HP: 25/70 MP: 2/29
 28267 | Lair:8   | Found a staircase to the Slime Pits.
 28382 | Lair:8   | Reached skill level 17 in Stealth
 29849 | Lair:8   | Reached skill level 18 in Stealth
 30361 | Lair:8   | HP: 1/70 [crocodile (9)]
 30362 | Lair:8   | Slain by a crocodile

Vault maps used:
D:1:      dpeg_arrival_pond, kennysheep_another_room, serial_park_tiny_2
D:2:      gammafunk_pakellas_spire_experiment, first_bread, ecumenical_altar_2,
          uniq_terence, uniq_jessica
D:3:      corexii_hall_statues_i
D:4:      portal_sewer_entry_d, tgw_trog
D:5:      minmay_goblin_kobold_castle, grunt_temple_overflow_open,
          minmay_temple_entry_poolview, serial_bayou_pond_d
D:6:      serial_shops, nicolae_shop_overgrown_old_shop, shop, shop
D:7:      nicolae_dithmenos_shadow_blocks, lemuel_crystal_altar, the_bakery,
          uniq_joseph
D:8:      uniq_prince_ribbit1
D:10:     erik_lair_orcish_takeover, david_orc_2, serial_corexii_hall,
          corexii_hall_statues_s, corexii_hall_statues_l, grunt_potential
Lair:1:   minivault_27, serial_bayou_ford_a, beast_lair_carwin_7,
          serial_bayou_shore_b
Lair:2:   wad_woods_tower
Lair:5:   minmay_shoals_entry_beasts, spider_nest_entry_a, worms_lemuel,
          infiniplex_staircase_pool_2, grunt_megastairs_3
Lair:6:   serial_bayou_pond_b
Lair:7:   lemuel_fruit_tree
Lair:8:   hangedman_lair_tendril_chambers, guppyfry_lair_end_dragon,
          nicolae_slime_entry_slimehenge
Sewer:    kennysheep_sewer_church

Action                   |  1- 3 |  4- 6 |  7- 9 | 10-12 | 13-15 || total
-------------------------+-------+-------+-------+-------+-------++-------
Melee: Short sword       |    55 |       |       |       |       ||    55
       Dagger            |    44 |   244 |   597 |  1009 |   648 ||  2542
 Fire: Blowgun           |       |       |       |   208 |       ||   208
 Cast: Passwall          |       |       |       |     4 |       ||     4
       Petrify           |       |       |       |       |   145 ||   145
       Confuse           |       |       |       |       |    34 ||    34
Invok: Depart the Abyss  |     1 |       |       |       |       ||     1
Evoke: Wand              |       |       |     3 |    21 |    19 ||    43
  Use: Scroll            |     5 |     7 |     6 |    10 |     8 ||    36
       Potion            |     1 |     9 |       |     7 |     4 ||    21
 Stab: Sleeping          |     4 |     7 |    32 |    33 |    32 ||   108
       Paralysed         |       |       |     1 |     4 |     2 ||     7
       Distracted        |       |       |     2 |     5 |     2 ||     9
       Invisible         |       |       |       |     3 |       ||     3
       Petrified         |       |       |       |       |    52 ||    52
       Petrifying        |       |       |       |       |    25 ||    25
       Confused          |       |       |       |       |    13 ||    13
  Eat: Fruit             |       |       |     5 |     7 |       ||    12
       Bread ration      |       |       |       |     2 |     2 ||     4
       Royal jelly       |       |       |       |       |     1 ||     1
